TOP OF THE 1ST |
Mississippi Braves batting - Pitching for Springfield Cardinals : RHP Kevon Jamison
|
Pitching: RHP Kevon Jamison
|
|
Batting: RHB Hieronim Rutkowski
|
0-0: Called Strike 0-1: Swinging Strike 0-2: Ball 1-2: Foul Ball, location: 2F 1-2: Strikes out looking
|
Batting: RHB Justin Reich
|
0-0: Ball 1-0: Ball 2-0: Foul Ball, location: 2F 2-1: Fly out, F8 (Flyball, 8RD, EV 94.4 MPH)
|
Batting: RHB Erik Coleman
|
0-0: Ball 1-0: Called Strike 1-1: Ball 2-1: Fly out, F7 (Flyball, 7D, EV 95.0 MPH)
|
Top of the 1st over - 0 runs, 0 hits, 0 errors, 0 left on base; Mississippi 0 - Springfield 0 |
BOTTOM OF THE 1ST |
Springfield Cardinals batting - Pitching for Mississippi Braves : RHP Brian Bailes
|
Pitching: RHP Brian Bailes
|
|
Batting: RHB Fortunato Fteira
|
0-0: Called Strike 0-1: Ground out 6-3 (Groundball, 6MS, EV 71.2 MPH)
|
Batting: RHB Tyler Walker
|
0-0: Ball 1-0: SINGLE (Line Drive, 8RS, EV 94.4 MPH)
|
Batting: LHB Travis Ruppel
|
0-0: Called Strike 0-1: Called Strike Tyler Walker steals 2nd base 0-2: Ball 1-2: Ground out 4-3 (Groundball, 4, EV 104.4 MPH) Tyler Walker to third
|
Batting: RHB Davey Beeson
|
0-0: Ball 1-0: Called Strike 1-1: Ball 2-1: Foul Ball, location: 2F 2-2: SINGLE (Line Drive, 6MD, EV 99.4 MPH) Tyler Walker scores
|
Batting: RHB Tommy Boudreaux
|
0-0: Called Strike 0-1: Foul Ball, location: 2F 0-2: Ball 1-2: SINGLE (Flyball, 8LS, EV 97.5 MPH) Davey Beeson to second
|
Batting: RHB Kalidas Mishra
|
0-0: Foul Ball, location: 2F 0-1: Ball 1-1: Foul Ball, location: 2F 1-2: Foul Ball, location: 2F 1-2: Ball 2-2: Ball 3-2: Strikes out swinging
|
Bottom of the 1st over - 1 run, 3 hits, 0 errors, 2 left on base; Mississippi 0 - Springfield 1 |
TOP OF THE 2ND |
Mississippi Braves batting - Pitching for Springfield Cardinals : RHP Kevon Jamison
|
Batting: LHB Art D'Ascenzo
|
0-0: Called Strike 0-1: Ball 1-1: Foul Ball, location: 2F 1-2: Foul Ball, location: 2F 1-2: Fly out, F8 (Flyball, 8LD, EV 85.0 MPH)
|
Batting: RHB Yojiro Hayashi
|
0-0: DOUBLE (Flyball, 8RXD, EV 108.8 MPH)
|
Batting: RHB Jose Ramos
|
0-0: Called Strike 0-1: Ball 1-1: Fly out, F8 (Flyball, 8RM, EV 88.1 MPH)
|
Batting: RHB Jordan Martin
|
0-0: Foul Ball, location: 2F 0-1: Ball 1-1: Fly out, F7 (Flyball, 7, EV 81.2 MPH)
|
Top of the 2nd over - 0 runs, 1 hit, 0 errors, 1 left on base; Mississippi 0 - Springfield 1 |
BOTTOM OF THE 2ND |
Springfield Cardinals batting - Pitching for Mississippi Braves : RHP Brian Bailes
|
Batting: RHB Immel Kamuzu
|
0-0: Ball 1-0: Swinging Strike 1-1: Ball 2-1: Ground out 4-3 (Groundball, 4, EV 98.1 MPH)
|
Batting: RHB Jonathan Davis
|
0-0: Swinging Strike 0-1: Ball 1-1: Ground out 5-3 (Groundball, 5S, EV 87.5 MPH)
|
Batting: RHB Edgar Landim
|
0-0: Ball 1-0: Ball 2-0: Called Strike 2-1: Ground out 5-3 (Groundball, 56S, EV 82.5 MPH)
|
Bottom of the 2nd over - 0 runs, 0 hits, 0 errors, 0 left on base; Mississippi 0 - Springfield 1 |
TOP OF THE 3RD |
Mississippi Braves batting - Pitching for Springfield Cardinals : RHP Kevon Jamison
|
Batting: SHB Jose Melendez
|
0-0: Ball 1-0: Called Strike 1-1: Ball 2-1: Ball 3-1: Base on Balls
|
Batting: RHB Alex Velasquez
|
0-0: Ball 1-0: Ball 2-0: Ball 3-0: Called Strike 3-1: Base on Balls Jose Melendez to second
|
Batting: RHB Hieronim Rutkowski
|
0-0: Called Strike 0-1: Ball 1-1: Foul Ball, location: 2F 1-2: Strikes out swinging
|
Batting: RHB Justin Reich
|
0-0: Ball 1-0: Foul Ball, location: 2F 1-1: Grounds into double play, 6-4-3 (Groundball, 6, EV 97.5 MPH)
|
Top of the 3rd over - 0 runs, 0 hits, 0 errors, 1 left on base; Mississippi 0 - Springfield 1 |
BOTTOM OF THE 3RD |
Springfield Cardinals batting - Pitching for Mississippi Braves : RHP Brian Bailes
|
Batting: RHB Fortunato Fteira
|
0-0: Foul Ball, location: 2F 0-1: Ground out 4-3 (Groundball, 4, EV 100.6 MPH)
|
Batting: RHB Tyler Walker
|
0-0: SINGLE (Line Drive, 9S, EV 93.8 MPH)
|
Batting: LHB Travis Ruppel
|
0-0: Called Strike Tyler Walker steals 2nd base 0-1: Ball 1-1: Foul Ball, location: 2F 1-2: Ball 2-2: Fly out, F8 (Flyball, 8LXD, EV 76.9 MPH) Runner from 2nd tags up, SAFE at 3rd, no throw by CF
|
Batting: RHB Davey Beeson
|
0-0: Ball 1-0: Ball 2-0: Called Strike 2-1: Ball 3-1: Swinging Strike 3-2: Foul Ball, location: 2F 3-2: SINGLE (Groundball, 15S, EV 71.9 MPH) (infield hit) Tyler Walker scores
|
Batting: RHB Tommy Boudreaux
|
0-0: Ball 1-0: Fly out, F8 (Flyball, 8LM, EV 80.0 MPH)
|
Bottom of the 3rd over - 1 run, 2 hits, 0 errors, 1 left on base; Mississippi 0 - Springfield 2 |
TOP OF THE 4TH |
Mississippi Braves batting - Pitching for Springfield Cardinals : RHP Kevon Jamison
|
Batting: RHB Erik Coleman
|
0-0: Ball 1-0: Called Strike 1-1: Ground out U3 (Groundball, 34S, EV 94.4 MPH)
|
Batting: LHB Art D'Ascenzo
|
0-0: Ball 1-0: Foul Ball, location: 2F 1-1: Foul Ball, location: 2F 1-2: Ground out 4-3 (Groundball, 4, EV 85.0 MPH)
|
Batting: RHB Yojiro Hayashi
|
0-0: Called Strike 0-1: Ground out 6-3 (Groundball, 6, EV 103.1 MPH)
|
Top of the 4th over - 0 runs, 0 hits, 0 errors, 0 left on base; Mississippi 0 - Springfield 2 |
BOTTOM OF THE 4TH |
Springfield Cardinals batting - Pitching for Mississippi Braves : RHP Brian Bailes
|
Batting: RHB Kalidas Mishra
|
0-0: Bunted foul 0-1: Foul Ball, location: 2F 0-2: Strikes out swinging
|
Batting: RHB Immel Kamuzu
|
0-0: Foul Ball, location: 2F 0-1: Called Strike 0-2: Strikes out looking
|
Batting: RHB Jonathan Davis
|
0-0: Ball 1-0: Ground out 4-3 (Groundball, 4, EV 106.2 MPH)
|
Bottom of the 4th over - 0 runs, 0 hits, 0 errors, 0 left on base; Mississippi 0 - Springfield 2 |
TOP OF THE 5TH |
Mississippi Braves batting - Pitching for Springfield Cardinals : RHP Kevon Jamison
|
Batting: RHB Jose Ramos
|
0-0: Swinging Strike 0-1: Fly out, F3 (Popup, 3SF, EV 69.4 MPH)
|
Batting: RHB Jordan Martin
|
0-0: Foul Ball, location: 2F 0-1: Ground out 5-3 (Groundball, 56, EV 80.6 MPH)
|
Batting: SHB Jose Melendez
|
0-0: Ball 1-0: Foul Ball, location: 2F 1-1: Called Strike 1-2: Strikes out swinging
|
Top of the 5th over - 0 runs, 0 hits, 0 errors, 0 left on base; Mississippi 0 - Springfield 2 |
BOTTOM OF THE 5TH |
Springfield Cardinals batting - Pitching for Mississippi Braves : RHP Brian Bailes
|
Batting: RHB Edgar Landim
|
0-0: Called Strike 0-1: Called Strike 0-2: Strikes out swinging
|
Batting: RHB Fortunato Fteira
|
0-0: Ground out 5-3 (Groundball, 15, EV 88.1 MPH)
|
Batting: RHB Tyler Walker
|
0-0: Ball 1-0: Ball 2-0: Swinging Strike 2-1: Called Strike 2-2: Strikes out looking
|
Bottom of the 5th over - 0 runs, 0 hits, 0 errors, 0 left on base; Mississippi 0 - Springfield 2 |
TOP OF THE 6TH |
Mississippi Braves batting - Pitching for Springfield Cardinals : RHP Kevon Jamison
|
Batting: RHB Alex Velasquez
|
0-0: Ball 1-0: DOUBLE (Line Drive, 78M, EV 96.2 MPH)
|
Batting: RHB Hieronim Rutkowski
|
0-0: Swinging Strike 0-1: Swinging Strike 0-2: Ball 1-2: Ball 2-2: Ball 3-2: Foul Ball, location: 2F 3-2: Strikes out swinging
|
Batting: RHB Justin Reich
|
0-0: Ball 1-0: Ball 2-0: Fly out, F9 (Flyball, 9D, EV 100.0 MPH) Runner from 2nd tags up, SAFE at 3rd, no throw by RF
|
Batting: RHB Erik Coleman
|
0-0: Called Strike 0-1: Foul Ball, location: 2F 0-2: Ball 1-2: Foul Ball, location: 2F 1-2: Ball 2-2: Reached on error, E6 (Groundball, 56, EV 89.4 MPH) Alex Velasquez scores
|
Batting: LHB Art D'Ascenzo
|
0-0: DOUBLE (Flyball, 78D, EV 99.4 MPH) Erik Coleman to third Runner from 3rd tries for Home, SAFE, throw by CF to trailing runner, SAFE at third!
|
Batting: RHB Yojiro Hayashi
|
0-0: Fly out, F9 (Flyball, 9D, EV 98.8 MPH)
|
Top of the 6th over - 2 runs, 2 hits, 1 error, 1 left on base; Mississippi 2 - Springfield 2 |
BOTTOM OF THE 6TH |
Springfield Cardinals batting - Pitching for Mississippi Braves : RHP Brian Bailes
|
Batting: LHB Travis Ruppel
|
0-0: Called Strike 0-1: Ball 1-1: Ball 2-1: Ball 3-1: Base on Balls
|
Batting: RHB Davey Beeson
|
0-0: Foul Ball, location: 2F 0-1: Called Strike 0-2: Strikes out looking
|
Batting: RHB Tommy Boudreaux
|
0-0: Foul Ball, location: 2F 0-1: Ball 1-1: Called Strike 1-2: Ball 2-2: Reached on error, E5 (Groundball, 56, EV 105.0 MPH) Travis Ruppel to second
|
Batting: RHB Kalidas Mishra
|
0-0: Ball 1-0: Ball 2-0: Called Strike 2-1: Called Strike 2-2: SINGLE (Groundball, 56D, EV 102.5 MPH) Travis Ruppel to third Tommy Boudreaux to second Runner from 3rd tries for Home, SAFE, throw by LF to home Tommy Boudreaux to third Kalidas Mishra to second
|
Batting: RHB Immel Kamuzu
|
0-0: Fly out, F8 (Flyball, 78M, EV 86.9 MPH)
|
Batting: RHB Jonathan Davis
|
0-0: Called Strike 0-1: Foul Ball, location: 2F 0-2: Strikes out swinging
|
Bottom of the 6th over - 1 run, 1 hit, 1 error, 2 left on base; Mississippi 2 - Springfield 3 |
TOP OF THE 7TH |
Mississippi Braves batting - Pitching for Springfield Cardinals : RHP Kevon Jamison
|
Batting: RHB Jose Ramos
|
0-0: Called Strike 0-1: Ball 1-1: Ground out 6-3 (Groundball, 56, EV 86.2 MPH)
|
Batting: RHB Jordan Martin
|
0-0: Ball 1-0: Ball 2-0: Ball 3-0: Ground out 6-3 (Groundball, 56, EV 78.8 MPH)
|
Batting: SHB Jose Melendez
|
0-0: Fly out, F8 (Flyball, 78M, EV 90.0 MPH)
|
Top of the 7th over - 0 runs, 0 hits, 0 errors, 0 left on base; Mississippi 2 - Springfield 3 |
BOTTOM OF THE 7TH |
Springfield Cardinals batting - Pitching for Mississippi Braves : RHP Brian Bailes
|
Batting: RHB Edgar Landim
|
0-0: Swinging Strike 0-1: Foul Ball, location: 2F 0-2: Ball 1-2: Strikes out looking
|
Pitching: RHP Gordon Cushing
|
|
Batting: RHB Fortunato Fteira
|
0-0: Ball 1-0: Ball 2-0: Called Strike 2-1: Ball 3-1: Base on Balls
|
Batting: RHB Tyler Walker
|
0-0: Called Strike 0-1: Foul Ball, location: 2F 0-2: Strikes out swinging
|
Pitching: LHP Steve Young
|
|
Pinch Hitting: RHB Josh Lyon
|
0-0: Ball 1-0: Called Strike 1-1: Foul Ball, location: 2F 1-2: Strikes out swinging
|
Bottom of the 7th over - 0 runs, 0 hits, 0 errors, 1 left on base; Mississippi 2 - Springfield 3 |
TOP OF THE 8TH |
Mississippi Braves batting - Pitching for Springfield Cardinals : RHP Kevon Jamison
|
Now in LF: Austin Akers
|
|
Pinch Hitting: LHB Cesar Arteaga
|
0-0: Ball 1-0: Foul Ball, location: 2F 1-1: Foul Ball, location: 2F 1-2: Strikes out looking
|
Batting: RHB Hieronim Rutkowski
|
0-0: Ball 1-0: Called Strike 1-1: Called Strike 1-2: Ball 2-2: Strikes out swinging
|
Batting: RHB Justin Reich
|
0-0: Ball 1-0: Foul Ball, location: 2F 1-1: Ball 2-1: Foul Ball, location: 2F 2-2: Ball 3-2: Foul Ball, location: 2F 3-2: SINGLE (Line Drive, 34D, EV 99.4 MPH)
|
Pitching: RHP Chris Moore
|
|
Batting: RHB Erik Coleman
|
0-0: Called Strike 0-1: Called Strike 0-2: SINGLE (Groundball, 6D, EV 95.0 MPH) Justin Reich to second
|
Batting: LHB Art D'Ascenzo
|
0-0: Foul Ball, location: 2F 0-1: Swinging Strike 0-2: Ball 1-2: Strikes out swinging
|
Top of the 8th over - 0 runs, 2 hits, 0 errors, 2 left on base; Mississippi 2 - Springfield 3 |
BOTTOM OF THE 8TH |
Springfield Cardinals batting - Pitching for Mississippi Braves : LHP Steve Young
|
Pitching: RHP Nate Bixler
|
|
Now at 2B: Cesar Arteaga
|
|
Now at SS: Justin Reich
|
|
Batting: RHB Davey Beeson
|
0-0: Called Strike 0-1: Ball 1-1: Swinging Strike 1-2: Ball 2-2: Foul Ball, location: 2F 2-2: Ball 3-2: SINGLE (Groundball, 6MD, EV 103.8 MPH)
|
Batting: RHB Tommy Boudreaux
|
0-0: Ball 1-0: SINGLE (Line Drive, 78S, EV 101.9 MPH) Davey Beeson to second
|
Batting: RHB Kalidas Mishra
|
0-0: Sac Bunt to 2R - play at first, batter OUT! 2-4 Davey Beeson to third Tommy Boudreaux to second
|
Batting: RHB Immel Kamuzu
|
0-0: Ball 1-0: Ball 2-0: Ball 3-0: Called Strike 3-1: Called Strike 3-2: Strikes out swinging
|
Batting: RHB Jonathan Davis
|
0-0: Called Strike 0-1: Ground out 6-3 (Groundball, 6, EV 106.2 MPH)
|
Bottom of the 8th over - 0 runs, 2 hits, 0 errors, 2 left on base; Mississippi 2 - Springfield 3 |
TOP OF THE 9TH |
Mississippi Braves batting - Pitching for Springfield Cardinals : RHP Chris Moore
|
Pitching: LHP Nick Suggett
|
|
Batting: RHB Yojiro Hayashi
|
0-0: Ball 1-0: Called Strike 1-1: Ball 2-1: Ground out 5-3 (Groundball, 56S, EV 87.5 MPH)
|
Batting: RHB Jose Ramos
|
0-0: Foul Ball, location: 2F 0-1: Ground out 5-3 (Groundball, 5, EV 91.9 MPH)
|
Batting: RHB Jordan Martin
|
0-0: Called Strike 0-1: Ball 1-1: Ground out 6-3 (Groundball, 6M, EV 85.6 MPH)
|
Top of the 9th over - 0 runs, 0 hits, 0 errors, 0 left on base; Mississippi 2 - Springfield 3 |
|